 Dungeon Crawl Stone Soup version 0.30-a0-1160-g6e42c06551 (webtiles) character file.

Game seed: 1385351957006320552

347 Anamonty the Stinger (level 6, -3/36 HPs)
             Began as an Octopode Venom Mage on Apr 26, 2023.
             Slain by a phantom (6 damage)
             ... on level 3 of the Dungeon.
             The game lasted 00:04:33 (2729 turns).

Anamonty the Stinger (Octopode Venom Mage)          Turns: 2729, Time: 00:04:34

Health: -3/36      AC:  1    Str:  9      XL:     6   Next: 59%
Magic:  11/11      EV: 14    Int: 18      God:
Gold:   178        SH:  0    Dex: 11 (12) Spells: 6/11 levels left

rFire   . . .        (no weapon)
rCold   . . .        (no shield)
rNeg    . . .        (helmet restricted)
rPois   .            (no amulet)
rElec   .            (no ring)
rCorr   .            (no ring)
SInv    .            (no ring)
Will    .....        (no ring)
Stlth   +++          (no ring)
HPRegen 0.26/turn    (no ring)
MPRegen 0.12/turn    (no ring)
                     (no ring)

%: random rage (3%)
@: on berserk cooldown, slowed, very slow
A: almost no armour, amphibious, 8 rings, camouflage 1, gelatinous body 1,
(nimble swimmer 1), tentacles, berserk 1, deterioration 1
a: no special abilities


You were on level 3 of the Dungeon.
You visited 1 branch of the dungeon, and saw 3 of its levels.

You collected 178 gold pieces.

Inventory:

Missiles
 d - 6 curare-tipped darts (quivered)
Jewellery
 j - a +4 ring of protection
Scrolls
 g - 5 scrolls of identify {unknown}
 h - a scroll of immolation {unknown}
 k - a scroll of fear {unknown}
 l - a scroll of vulnerability {unknown}
 m - a scroll of noise {unknown}
Potions
 a - 2 potions of magic
 b - a potion of flight {unknown}
 c - 2 potions of heal wounds
 e - a potion of mutation
 f - 2 potions of curing {unknown}
 i - 3 potions of brilliance {unknown}


   Skills:
 + Level 3.7 Dodging
 - Level 2.6 Stealth
 + Level 3.4 Spellcasting
 - Level 1.0 Transmutations
 * Level 6.6 Poison Magic


You had 6 spell levels left.
You knew the following spells:

 Your Spells              Type           Power      Damage    Failure   Level
a - Sting                 Tmut/Pois      64%        1d6       3%          1
b - Olgreb's Toxic Radia  Pois           27%        N/A       10%         4

Your spell library contained the following spells:

 Spells                   Type           Power      Damage    Failure   Level
 Poisonous Vapours        Pois/Air       30%        N/A       6%          2
 Mephitic Cloud           Conj/Pois/Air  11%        N/A       19%         3


Dungeon Overview and Level Annotations

Branches:
Dungeon (3/15)

Altars:


Innate Abilities, Weirdness & Mutations

You cannot wear most types of armour.
You are amphibious.
You can wear up to eight rings at the same time.
Your skin changes colour to match your surroundings (Stealth+).
Your rubbery body absorbs attacks. (AC +1, EV +1)
((You are camouflaged when in or above water. (Stealth+)))
You have tentacles for arms and can constrict up to eight enemies at once.
You sometimes lose your temper in combat.
Your body sometimes deteriorates upon taking damage.


Message History

You tentacle-slap the phantom but do no damage.
The phantom closely misses you.
You tentacle-slap the phantom but do no damage.
The phantom closely misses you.
You tentacle-slap the phantom but do no damage.
The phantom barely misses you.
You tentacle-slap the phantom. Your squeeze misses the phantom.
The phantom is lightly damaged.
The phantom misses you.
You closely miss the phantom.
The phantom is lightly damaged.
The phantom hits you.
Your body deteriorates!
You feel clumsy.
A red film seems to cover your vision as you go berserk!
You feel yourself moving faster!
You feel mighty!
You closely miss the phantom. Your squeeze misses the phantom.
The phantom is lightly damaged.
The phantom barely misses you.
You tentacle-slap the phantom.
The phantom is moderately damaged.
The phantom hits you.
The phantom blinks!
You blink.
The phantom barely misses you.
You feel a strong urge to attack something.
The phantom hits you.
You feel your anger nearly subside.
You are no longer berserk.
You are exhausted.
You feel yourself slow down.
You tentacle-slap the phantom but do no damage.
Your squeeze misses the phantom.
The phantom is moderately damaged.
The phantom hits you.
* * * LOW HITPOINT WARNING * * *
The phantom blinks!
You blink.
The phantom hits you.
* * * LOW HITPOINT WARNING * * *
The phantom blinks!
You blink.
The phantom barely misses you.
You tentacle-slap the phantom.
The phantom is moderately damaged.
The phantom hits you.
You die...

# #.. # #... ###### #>.
)....#
#.################.##...
.###.#
#.....§................
.###.#
#..#####.)§#.########..
...#.## ..####...###.###
# ......##.))....#.# #..
)...)..)..####[.@###.###
.###..##### ##W#.#.# .#
#..# #.##.# ## #..#
#.##.# #..# #.##.# #..#
#.##.# ####..# #†##.#
......#########.##.#
#####...........##.#


You could see a phantom.

Vanquished Creatures
  Sigmund (D:2)
  A jelly (D:3)
  An iguana (D:3)
  2 orc wizards
  An adder (D:2)
  A worm (D:3)
  2 dart slugs
  5 orcs (D:3)
  5 ball pythons
  A bat (D:1)
  An endoplasm (D:1)
  4 giant cockroaches
  8 goblins
  8 hobgoblins
  12 jackals
  3 quokkas
  2 frilled lizards
  3 kobolds
  6 rats
67 creatures vanquished.

Notes
Turn   | Place    | Note
-------+----------+-------------------------------------------
     0 | D:1      | Anamonty the Octopode Venom Mage began the quest for the
                  | Orb.
     0 | D:1      | Reached XP level 1. HP: 11/11 MP: 3/3
   166 | D:1      | Reached XP level 2. HP: 5/17 MP: 5/5
   230 | D:1      | Reached skill level 4 in Poison Magic
   536 | D:1      | Reached XP level 3. HP: 15/21 MP: 4/6
  1040 | D:2      | Noticed Sigmund
  1406 | D:2      | Reached XP level 4. HP: 27/27 MP: 7/7
  1486 | D:2      | Reached skill level 5 in Poison Magic
  1554 | D:2      | Killed Sigmund
  1555 | D:2      | Reached skill level 6 in Poison Magic
  1555 | D:2      | Reached XP level 5. HP: 31/31 MP: 7/9
  2133 | D:2      | Reached XP level 6. HP: 29/36 MP: 8/10
  2138 | D:2      | Learned a level 4 spell: Olgreb's Toxic Radiance
  2702 | D:3      | Gained mutation: You occasionally lose the ability to read
                  | scrolls when taking damage. [potion of mutation]
  2702 | D:3      | Lost mutation: You occasionally lose the ability to read
                  | scrolls when taking damage. [potion of mutation]
  2702 | D:3      | Gained mutation: You occasionally lose the ability to read
                  | scrolls when taking damage. [potion of mutation]
  2702 | D:3      | Gained mutation: You are strong-willed. (Will+) [potion of
                  | mutation]
  2710 | D:3      | Lost mutation: You occasionally lose the ability to read
                  | scrolls when taking damage. [potion of mutation]
  2710 | D:3      | Lost mutation: You are strong-willed. (Will+) [potion of
                  | mutation]
  2710 | D:3      | Gained mutation: You are dopey. (Int -2) [potion of
                  | mutation]
  2710 | D:3      | Gained mutation: You occasionally lose the ability to read
                  | scrolls when taking damage. [potion of mutation]
  2710 | D:3      | Gained mutation: You sometimes lose the ability to read
                  | scrolls when taking damage. [potion of mutation]
  2711 | D:3      | Lost mutation: You are dopey. (Int -2) [potion of mutation]
  2711 | D:3      | Lost mutation: You sometimes lose the ability to read
                  | scrolls when taking damage. [potion of mutation]
  2711 | D:3      | Lost mutation: You occasionally lose the ability to read
                  | scrolls when taking damage. [potion of mutation]
  2711 | D:3      | Gained mutation: You sometimes lose your temper in combat.
                  | [potion of mutation]
  2711 | D:3      | Gained mutation: Your body sometimes deteriorates upon
                  | taking damage. [potion of mutation]
  2729 | D:3      | Slain by a phantom

Illustrated notes

Levels and vault maps discovered:
D:1:      heliophobic_arrival_ceremonial_halls, layout_basic
D:2:      layout_rooms, serial_aquarium, aquarium_bridge_straight
          [aquarium_subvault_bridge, aquarium_subvault_window,
          aquarium_subvault_bridge, aquarium_subvault_window],
          aquarium_window_corridor_3, aquarium_window_fake, aquarium_window_1,
          aquarium_window_1, aquarium_view_2e, minmay_misc_feat_enclosed,
          kennysheep_generic_room_3, uniq_sigmund
D:3:      layout_loops_ring

Skill      XL: |  1  2  3  4 |
---------------+-------------+-----
Poison Magic   | 4 6 |  6.6
Dodging        | 3 |  3.7
Spellcasting   | 3 |  3.4
Stealth        | |  2.6
Transmutations | |  1.0

Action                     |  1- 3 |  4- 6 || total
---------------------------+-------+-------++-------
  Melee: Unarmed           |    87 |    63 ||   150
         Constrict         |    27 |    14 ||    41
         Tentacles         |    26 |    14 ||    40
         Punch             |       |     1 ||     1
  Throw: Dart              |     6 |     3 ||     9
   Cast: Sting             |    15 |    16 ||    31
         Olgreb's Toxic Ra |       |     6 ||     6
    Use: Potion            |       |     4 ||     4
   Stab: Sleeping          |     6 |     5 ||    11
 Armour: Skin              |     4 |     3 ||     7
  Dodge: Dodged            |    54 |    45 ||    99

Table legend: (Time is in decaauts)
 A = Elapsed time spent in this place.
 B = Non-inter-level travel time spent in this place.
 C = Inter-level travel time spent in this place.
 D = Time resting spent in this place.
 E = Time spent auto-exploring this place.
 F = Levels seen in this place.
 G = Mean time per level.
                   A        B        C        D        E       F      G
               +--------+--------+--------+--------+--------+-----+--------+
         Total |   2727 |   2663 |     64 |      0 |   2101 |   3 |  909.0 |
       Dungeon |   2727 |   2663 |     64 |      0 |   2101 |   3 |  909.0 |
               +--------+--------+--------+--------+--------+-----+--------+

Top non-repeatable levels by time:
     D:1: 1086 daAuts
     D:2: 989 daAuts
     D:3: 651 daAuts
